cohdb
Replays
Latest Replays
All Replays
Popular Replays
Top Player Replays
Match Explorer
How It Works
Community
CoH3 Stats
Reddit
Sign in to upload your games and track your stats! →
Sign in with Steam
Match 43951507
Unlisted
Match 43951507
Overview
Messages
Build Orders
End
Vickers Machine Gun Team
Construct Section Command Post
Selects Canadian Shock Battlegroup
Dingo Light Scout Car
Royal Engineer Section
Selects Attacking Spirit
Selects Canadian Shock Section
Canadian Shock Section
Construct Platoon Command Post
Selects Incendiary Munitions
Canadian Shock Section
CMP 15cwt Truck
Construct Company Command Post
Forward Retreat Point
Unlock M3 Grant Medium Tanks
Selects Pyrotechnics
M3 Grant Medium Tank
Selects Demolition Engineering
Selects Smoke Operation
M3 Grant Medium Tank
Armored Vehicle Training
M3 Grant Medium Tank
Infantry Training
M3 Grant Medium Tank
M3 Grant Medium Tank
Smoke Operation
M3 Grant Medium Tank
Canadian Shock Section
Otter
Musketeer
Raedwulf
Commander Z
Luft Waffle
MZMZ
BLACK.DRAGON
jerjawe
0
0
Comments
sign in to comment!
No comments posted yet!